 Dungeon Crawl Stone Soup version 0.25.0-26-g0c896c7088 (webtiles) character file.

Game seed: 15473442171228583189

125 Revguard the Skirmisher (level 4, -3/41 HPs)
             Began as a Minotaur Fighter on July 4, 2020.
             Killed by divine providence
             ... invoked by an orc priest
              (13 damage)
             ... on level 4 of the Dungeon.
             The game lasted 00:06:31 (3215 turns).

Revguard the Skirmisher (Minotaur Fighter)          Turns: 3215, Time: 00:06:31

Health: -3/41      AC:  8    Str: 21    XL:     4   Next: 82%
Magic:  3/3        EV:  7    Int:  5    God:
Gold:   155        SH:  9    Dex: 10    Spells: 3/3 levels left

rFire    . . .     SeeInvis .   a - +0 war axe
rCold    . . .     Gourm    .   c - +0 kite shield
rNeg     . . .     Faith    .   b - +0 scale mail
rPois    .         Spirit   .   (helmet restricted)
rElec    .         Reflect  .   (no cloak)
rCorr    .         Harm     .   t - +0 pair of gloves
MR       .....                  (no boots)
Stlth    ..........             (no amulet)
HPRegen  0.13/turn              (no ring)
MPRegen  0.08/turn              (no ring)

@: no status effects
A: retaliatory headbutt, horns 2
a: no special abilities


You were on level 4 of the Dungeon.
You were not hungry.

You visited 1 branch of the dungeon, and saw 4 of its levels.

You collected 155 gold pieces.

Inventory:

Hand Weapons
 a - a +0 war axe (weapon)
Missiles
 g - 14 poisoned darts (quivered)
Armour
 b - a +0 scale mail (worn)
 c - a +0 kite shield (worn)
 t - a +0 pair of gloves (worn)
Jewellery
 l - a +6 ring of strength {unknown}
Scrolls
 h - a scroll of magic mapping {unknown}
 i - 2 scrolls of identify {unknown}
 j - 6 scrolls of remove curse {unknown}
 n - a scroll of immolation {unknown}
 o - a scroll of random uselessness {unknown}
 q - 2 scrolls of enchant armour {unknown}
 s - 2 scrolls of amnesia {unknown}
 u - 2 scrolls of blinking {unknown}
 v - a scroll of teleportation {unknown}
Potions
 d - 2 potions of might
 e - a potion of brilliance {unknown}
 k - a potion of stabbing {unknown}
 m - a potion of curing {unknown}
 p - 2 potions of degeneration {unknown}
Comestibles
 f - 10 rations


   Skills:
 + Level 4.4 Fighting
 + Level 3.9 Axes
 * Level 0.8 Throwing
 + Level 4.3 Armour
 + Level 0.5 Dodging
 + Level 4.4 Shields


You had 3 spell levels left.
You didn't know any spells.
Your spell library was empty.

Dungeon Overview and Level Annotations

Branches:
Dungeon (4/15)
 Temple: D:4-7

Altars:
Kikubaaqudgha

Shops:
D:4 (


Innate Abilities, Weirdness & Mutations

You reflexively headbutt those who attack you in melee.
You have a pair of horns on your head.


Message History

You closely miss the orc priest. The orc barely misses you.
The orc priest barely misses you.
The orc priest invokes the aid of Beogh against you.
Pain shoots through your body!
* * * LOW HITPOINT WARNING * * *
Okay, then.
You hit the orc priest.
The orc priest is severely wounded.
Your shield and scale mail prevent you from hitting the orc priest.
You slash the orc!
You kill the orc!
You block the orc priest's attack.
The orc priest hits you with a +0 hand axe.
* * * LOW HITPOINT WARNING * * *
You hit the orc priest but do no damage.
The orc priest is heavily wounded.
You barely miss the orc priest.
The orc priest calls down the wrath of Beogh upon you.
Beogh smites you!
You die...

...#..... ..... ..
#........ ..... ....#
#.##..... .....###...#
#..###.... ...........
##....##.... #......∩#.#
.#....###...
........#.##......##....
......oo†............##.
#.@.).............<
.##.................
.......##.%.....##.##..
##..............#..#...
##........###.........
#......#..............
#..!.####...........##
#..#. ####........#
##### #....>..##


You could see 2 orc priests.

Vanquished Creatures
  2 adders
  4 worms
  4 dart slugs
  A leopard gecko (D:1)
  3 orcs (D:4)
  4 giant cockroaches
  9 goblins
  6 hobgoblins
  11 jackals
  A quokka (D:2)
  2 ball pythons (D:2)
  11 bats
  8 frilled lizards
  8 kobolds
  5 rats
79 creatures vanquished.

Notes
Turn   | Place    | Note
-------+----------+-------------------------------------------
     0 | D:1      | Revguard the Minotaur Fighter began the quest for the Orb.
     0 | D:1      | Reached XP level 1. HP: 19/19 MP: 0/0
   110 | D:1      | Reached XP level 2. HP: 22/27 MP: 1/1
  1074 | D:2      | Reached XP level 3. HP: 34/34 MP: 2/2
  1450 | D:2      | Found an ancient bone altar of Kikubaaqudgha.
  1635 | D:3      | Reached XP level 4. HP: 40/41 MP: 3/3
  3202 | D:4      | Found Xismuuq's Antique Weapon Emporium.
  3215 | D:4      | Killed from afar by an orc priest

Illustrated notes

Levels and vault maps discovered:
D:1:      minmay_arrival_wavy_path, layout_basic
D:2:      layout_rooms, lemuel_crystal_altar, first_ration
D:3:      minmay_chambers_of_twos, layout_basic, chequers_mini_garden
D:4:      layout_cave_pools, serial_shops, nicolae_shop_behind_doors, shop,
          nicolae_shop_trees, shop, nicolae_shop_trees

Skill      XL: |  1  2  3 |
---------------+----------+-----
Fighting       | 4 |  4.4
Armour         | 4 |  4.3
Shields        | 4 |  4.4
Axes           | 3 |  3.9
Throwing       | |  0.8
Dodging        | |  0.5

Action                   |  1- 3 |  4- 6 || total
-------------------------+-------+-------++-------
Melee: War axe           |   108 |    63 ||   171
       Headbutt          |    13 |     8 ||    21
Throw: Dart              |       |     5 ||     5
  Eat: Chunk             |     2 |     5 ||     7
Armor: Scale mail        |    80 |    25 ||   105
Dodge: Dodged            |    46 |    22 ||    68
Block: Kite shield       |    86 |    32 ||   118
